 Dungeon Crawl Stone Soup version 0.28.0-53-g5a82cb258f (webtiles) character file.

Game seed: 10875126646129024661

11218 Ashen the Schismatic (level 12, -8/96 HPs)
             Began as a Formicid Abyssal Knight on June 12, 2022.
             Was an Elder of Lugonu.
             Mangled by Snorg (10 damage)
             ... on level 10 of the Dungeon.
             The game lasted 00:21:57 (14084 turns).

Ashen the Schismatic (Formicid Abyssal Knight)     Turns: 14084, Time: 00:21:58

Health: -8/96      AC: 21    Str: 18    XL:     12   Next: 5%
Magic:  17/19      EV:  9    Int: 11    God:    Lugonu [****..]
Gold:   737        SH:  6    Dex: 21    Spells: 11/11 levels left

rFire   . . .      SeeInvis +   l - +7 Throatcutter {drain, coup de grace}
rCold   . . .      Faith    .   y - +0 buckler
rNeg    . . .      Spirit   .   K - +0 plate armour
rPois   .          Reflect  .   (helmet unavailable)
rElec   .          Harm     .   c - +0 cloak
rCorr   .          Rampage  .   v - +0 pair of gloves
Will    +....                   (no boots)
Stlth   ..........              (no amulet)
HPRegen 0.26/turn               m - +6 ring of dexterity
MPRegen 0.16/turn               D - +4 ring of protection

@: no status effects
A: permanent stasis, dig shafts and tunnels, antennae 3, four strong arms
a: Dig, Shaft Self, Renounce Religion, Depart the Abyss, Bend Space, Banish,
Corrupt


You were on level 10 of the Dungeon.
You worshipped Lugonu.
Lugonu was greatly pleased with you.
You visited 1 branch of the dungeon, and saw 10 of its levels.
You visited the Abyss 1 time.

You collected 737 gold pieces.

Inventory:

Hand Weapons
 a - a +4 quarterstaff of chaos
 d - a +1 rapier of venom
 f - the +6 rapier "Jiodyod" {flame, rPois rC+}
   (You found it on level 3 of the Dungeon)

   It burns those it strikes, dealing additional fire damage.
   rC:        It protects you from cold.
   rPois:     It protects you from poison.
 l - the +7 Throatcutter (weapon) {drain, coup de grace}
   (You found it on level 3 of the Dungeon)

   A truly terrible weapon, it drains the life of any living foe it strikes.
   It may instantly kill foes which have little health.
 u - a +2 long sword of protection
 E - a +4 scimitar of flaming
Armour
 c - a +0 cloak (worn)
 v - a +0 pair of gloves (worn)
 y - a +0 buckler (worn)
 z - a +2 chain mail of positive energy
 K - a +0 plate armour (worn)
Jewellery
 m - a +6 ring of dexterity (left hand)
 o - a ring of fire
 t - a ring of fire
 D - a +4 ring of protection (right hand)
Wands
 i - a wand of polymorph (3)
 k - a wand of mindburst (14)
 n - a wand of charming (8)
 I - a wand of flame (8)
Scrolls
 q - a scroll of brand weapon
 s - 4 scrolls of amnesia {unknown}
 x - 2 scrolls of immolation {unknown}
 B - a scroll of enchant armour {unknown}
 F - 3 scrolls of blinking {unknown}
 G - a scroll of fog {unknown}
 H - 2 scrolls of vulnerability
 J - 3 scrolls of identify
Potions
 b - 2 potions of berserk rage
 e - 3 potions of curing
 g - a potion of resistance
 h - a potion of brilliance
 j - a potion of might
 r - a potion of degeneration {unknown}
 w - 2 potions of cancellation {unknown}
 C - a potion of haste {unknown}
Miscellaneous
 A - a tin of tremorstones (inert)


   Skills:
 + Level 9.5 Fighting
 + Level 8.4 Long Blades
 + Level 9.2 Armour
 + Level 7.4 Dodging
 + Level 3.3 Shields
 + Level 9.9 Invocations


You had 11 spell levels left.
You didn't know any spells.
Your spell library contained the following spells:

 Spells                   Type           Power      Damage    Failure   Level
 Apportation              Tloc           0%         N/A       100%        1
 Freeze                   Ice            0%         1d3       100%        1
 Static Discharge         Conj/Air       0%         N/A       100%        2
 Frozen Ramparts          Ice            0%         1d2       100%        3
 Tukima's Dance           Hex            0%         N/A       100%        3
 Dispel Undead            Necr           0%         3d6       100%        4
 Fulminant Prism          Conj/Hex       0%         3d6       100%        4
 Hailstorm                Conj/Ice       0%         3d3       100%        4
 Iskenderun's Mystic Bla  Conj/Tloc      0%         2d3       100%        4
 Passage of Golubria      Tloc           0%         N/A       100%        4
 Sticky Flame             Conj/Fire      0%         2d3       100%        4
 Alistair's Intoxication  Tmut/Pois      0%         N/A       100%        5
 Lee's Rapid Deconstruct  Erth           0%         3d5*      100%        5
 Yara's Violent Unravell  Hex/Tmut       0%         3d3       100%        5


Dungeon Overview and Level Annotations

Branches:
Dungeon (10/15)            Temple (0/1) D:6
   Lair: D:8-11         Orc: D:9-12

Altars:
Gozag

Annotations:
D:4 Sigmund
D:10 Snorg


Innate Abilities, Weirdness & Mutations

You cannot be hasted, slowed, berserked, paralysed or teleported.
You can dig through walls and to a lower floor.
You have a pair of large antennae on your head. (SInv)
Your four strong arms can wield two-handed weapons with a shield.


Message History

Press: ? - help, v - describe, . - travel
Here: Snorg (berserk)
The floor.
Snorg is nearby!
Snorg rages.
You feel much better. You block Snorg's attack. Snorg closely misses you.
Snorg barely misses you. Snorg bites you.
* * * LOW HITPOINT WARNING * * *
Snorg claws you!
* * * LOW HITPOINT WARNING * * *
Snorg claws you.
* * * LOW HITPOINT WARNING * * *
You feel much better.
The bunyip changes into a swamp worm!
Snorg misses you. Snorg claws you but does no damage. x2
Press: ? - help, Shift-Dir - straight line, f/p - Snorg
Aim: Snorg (berserk, chance to affect: 56%)
Okay, then.
Found a Fen Folio.
The swamp worm changes into a steelbarb worm!
Snorg closely misses you. Snorg claws you!
* * * LOW HITPOINT WARNING * * *
Snorg claws you but does no damage. Space bends sharply around you!
Snorg blinks!
You blink.
Found a chain mail.
Snorg bites you!
* * * LOW HITPOINT WARNING * * *
You block Snorg's attack. Snorg closely misses you.
Snorg bites you but does no damage. Snorg closely misses you. Snorg misses you.
Space bends sharply around you!
You blink.
You don't have enough health at the moment.
Okay, then.
You block Snorg's attack. Snorg barely misses you. Snorg closely misses you.
Snorg barely misses you. Snorg claws you but does no damage.
You block Snorg's attack.
The steelbarb worm changes into a deep troll!
You block Snorg's attack. Snorg claws you but does no damage. x2
Press: ? - help, v - describe, . - travel
Here: Snorg (berserk)
The floor.
Space bends around you!
You blink.
Snorg bites you!
You die...

...#####
#†##.####...# .#
....[..#
#.##..##.####..# .
....##.#
#§##.........# .
.....#.#
#§##.###'###.#
.......# #[...#..T..#
.......###.#..#.###.#
...........##.#.#[#.#
.......######.#.#'#§#
......p.<)....#.@T..#
.....#######..#######
#...## #####


You could see Snorg (berserk) and a deep troll shaped shifter.

Vanquished Creatures
  A hydra (D:9)
  Erica (D:8)
  2 two-headed ogres (D:10)
  A centaur warrior (D:10)
  An orc knight (D:9)
  A deep elf pyromancer (D:9)
  A komodo dragon (D:8)
  A meliai (D:10)
  A troll (D:10)
  A hornet (D:9)
  Prince Ribbit (D:6)
  A shadow (D:10)
  A wyvern (D:4)
  A vampire (D:9)
  A wraith (D:10)
  6 yaks (D:10)
  A steam dragon (D:6)
  A water moccasin (D:5)
  2 ice beasts
  2 black bears (D:6)
  A sky beast (D:7)
  8 orc warriors
  A necrophage (D:7)
  An ogre (D:6)
  3 centaurs
  2 bullfrogs
  A kobold brigand (D:9)
  3 scorpions
  2 water moccasin zombies
  A wyvern zombie (D:7)
  9 killer bees
  5 howler monkeys
  4 centaur zombies
  2 bullfrog zombies
  2 jellies (D:5)
  Crazy Yiuf (D:3)
  A hound (D:6)
  A centaur skeleton (D:5)
  3 orc priests
  Jessica (D:2)
  An iguana (D:5)
  Ijyb (D:3)
  10 orc wizards
  A howler monkey zombie (D:8)
  A howler monkey skeleton (D:5)
  6 adders
  A white imp (D:7)
  3 ufetubi (D:6)
  A worm (D:4)
  A dart slug (D:2)
  29 orcs
  4 ball pythons
  6 endoplasms
  6 giant cockroaches
  A goblin (D:3)
  2 hobgoblins (D:1)
  7 jackals
  6 quokkas
  3 bats
  6 frilled lizards
  8 kobolds
  6 rats
190 creatures vanquished.

Vanquished Creatures (others)
  4 fungi (D:8)
  12 plants (D:10)
  5 toadstools (D:8)
21 creatures vanquished.

Grand Total: 211 creatures vanquished

Notes
Turn   | Place    | Note
-------+----------+-------------------------------------------
     0 | Abyss:1  | Ashen the Formicid Abyssal Knight began the quest for the
                  | Orb.
     0 | Abyss:1  | Reached XP level 1. HP: 18/18 MP: 2/2
    32 | D:1      | Escaped the Abyss
   109 | D:1      | Reached skill level 1 in Dodging
   113 | D:1      | Reached XP level 2. HP: 19/24 MP: 3/3
   645 | D:1      | Reached XP level 3. HP: 12/29 MP: 4/4
  1408 | D:2      | HP: 1/29 [poisoned by an adder]
  1663 | D:2      | Reached ** piety under Lugonu
  2052 | D:2      | Reached XP level 4. HP: 28/37 MP: 6/6
  2377 | D:3      | Noticed Jessica
  2378 | D:3      | Noticed Ijyb
  2400 | D:2      | Killed Jessica
  2553 | D:3      | Identified the +6 rapier "Jiodyod" {flame, rPois rC+}
  2575 | D:3      | Reached XP level 5. HP: 15/42 MP: 7/7
  2648 | D:3      | Killed Ijyb
  2895 | D:3      | Found the +7 Throatcutter {drain, coup de grace}
  3002 | D:3      | Found a runed translucent door.
  3003 | D:3      | Noticed Crazy Yiuf
  3114 | D:3      | Reached XP level 6. HP: 38/48 MP: 8/8
  3565 | D:3      | Killed Crazy Yiuf
  3640 | D:4      | Noticed a wyvern
  3644 | D:4      | Killed a wyvern
  3645 | D:4      | Reached XP level 7. HP: 51/55 MP: 8/10
  3880 | D:4      | Noticed Sigmund
  4703 | D:5      | Entered Level 5 of the Dungeon
  4884 | D:5      | Reached skill level 5 in Fighting
  5090 | D:5      | Reached XP level 8. HP: 54/62 MP: 11/11
  5175 | D:5      | Found an opulent altar of Gozag.
  5268 | D:5      | Reached skill level 5 in Invocations
  5644 | D:6      | Found a staircase to the Ecumenical Temple.
  5697 | D:6      | Reached skill level 5 in Armour
  6403 | D:6      | Reached skill level 5 in Long Blades
  6403 | D:6      | Reached XP level 9. HP: 69/69 MP: 13/13
  6425 | D:6      | Noticed Prince Ribbit
  6439 | D:6      | Killed Prince Ribbit
  6439 | D:6      | Reached *** piety under Lugonu
  7694 | D:7      | Reached skill level 5 in Dodging
  8216 | D:8      | Noticed a brown ugly thing
  8216 | D:8      | Noticed a cyclops
  8266 | D:7      | Banished a brown ugly thing
  8267 | D:7      | Reached XP level 10. HP: 13/79 MP: 10/15
  8552 | D:8      | Banished a cyclops
  8674 | D:8      | Noticed Erica
  8688 | D:8      | Killed Erica
  8858 | D:8      | Noticed a komodo dragon
  8878 | D:8      | Killed a komodo dragon
 10133 | D:9      | Reached XP level 11. HP: 65/87 MP: 17/17
 10420 | D:9      | Noticed a deep elf pyromancer
 10436 | D:9      | HP: 4/87 [deep elf pyromancer/bolt of fire (13)]
 10439 | D:9      | Killed a deep elf pyromancer
 10439 | D:9      | Reached **** piety under Lugonu
 10997 | D:10     | Entered Level 10 of the Dungeon
 11012 | D:10     | Noticed a seven-headed hydra
 11064 | D:9      | Killed a one-headed hydra
 11316 | D:10     | Noticed a two-headed ogre
 11626 | D:10     | Reached skill level 1 in Shields
 11813 | D:10     | HP: 2/89 [meliai/divine providence (15)]
 12179 | D:10     | Noticed a death knight
 12267 | D:10     | Killed a two-headed ogre
 12273 | D:10     | Noticed a two-headed ogre
 12458 | D:10     | Killed a two-headed ogre
 12459 | D:10     | Noticed an orc knight
 13447 | D:9      | Killed an orc knight
 13593 | D:10     | Noticed a centaur warrior
 13610 | D:10     | Killed a centaur warrior
 13611 | D:10     | Reached XP level 12. HP: 64/96 MP: 19/19
 14049 | D:10     | Noticed a boulder beetle
 14052 | D:10     | Noticed a bunyip
 14052 | D:10     | a boulder beetle changed into a bunyip
 14059 | D:10     | Noticed Snorg
 14071 | D:10     | a bunyip changed into a swamp worm
 14072 | D:10     | Noticed a steelbarb worm
 14072 | D:10     | a swamp worm changed into a steelbarb worm
 14074 | D:10     | HP: 3/96 [Snorg (13)]
 14081 | D:10     | Noticed a deep troll
 14081 | D:10     | a steelbarb worm changed into a deep troll
 14084 | D:10     | Mangled by Snorg

Illustrated notes

Levels and vault maps discovered:
D:1:      ebering_trefoil_3fold, layout_basic, chequers_arboretum
D:2:      layout_basic, serial_bayou_crossing
D:3:      layout_basic, uniq_ijyb, uniq_jessica, uniq_crazy_yiuf_cottage
D:4:      layout_basic, kennysheep_generic_room_15, uniq_sigmund
D:5:      layout_gridville, nicolae_overflow_crystal_walls,
          hangedman_decor_lopped
D:6:      layout_cave_pods, minmay_temple_entry_grid, uniq_prince_ribbit1
D:7:      layout_cave_pools
D:8:      layout_loops_ring, minmay_gold_behind_fungi, mrwooster_statue_mirror,
          uniq_erica
D:9:      layout_small_grid
D:10:     layout_loops_ring, minmay_orc_entry_temple_small,
          minmay_shattered_shrine, uniq_snorg

Skill      XL: |  1  2  3  4  5  6  7  8  9 10 11 |
---------------+----------------------------------+-----
Dodging        | 1 2 3 4 5 6 7 |  7.4
Invocations    | 3 4 5 7 8 9 |  9.9
Armour         | 3 4 5 7 8 9 |  9.2
Fighting       | 4 5 6 7 8 9 |  9.5
Long Blades    | 3 4 5 6 7 8 |  8.4
Shields        | 3 |  3.3

Action                   |  1- 3 |  4- 6 |  7- 9 | 10-12 || total
-------------------------+-------+-------+-------+-------++-------
Melee: Falchion          |   117 |    20 |       |       ||   137
       Punch             |     1 |     1 |     3 |     4 ||     9
       Rapier            |       |    43 |       |    26 ||    69
       Long sword        |       |    10 |   175 |   229 ||   414
       Scimitar          |       |       |       |     8 ||     8
Invok: Banish            |       |       |     1 |     2 ||     3
       Bend Space        |       |       |       |     8 ||     8
 Abil: Dig               |     1 |     1 |     4 |       ||     6
Evoke: Tin of tremorston |       |       |       |     2 ||     2
  Use: Scroll            |     4 |     4 |       |     4 ||    12
       Potion            |     2 |       |       |     6 ||     8
Armor: Leather armour    |    39 |    12 |       |       ||    51
       Scale mail        |       |     1 |    77 |       ||    78
       Chain mail        |       |       |    10 |   111 ||   121
       Skin              |       |       |       |     1 ||     1
       Plate armour      |       |       |       |    55 ||    55
Dodge: Dodged            |    78 |    38 |    99 |   126 ||   341
Block: Buckler           |       |       |       |    36 ||    36
